 Dungeon Crawl Stone Soup version 0.29-a0-732-g3d7fbe0af2 (webtiles) character file.

Game seed: 17397222865352781287

74 gobodom the Ducker (level 4, -2/34 HPs)
             Began as a Demonspawn Gladiator on June 29, 2022.
             Slain by a gnoll
             ... wielding a +0 flail
              (5 damage)
             ... on level 2 of the Dungeon.
             The game lasted 00:03:26 (1439 turns).

gobodom the Ducker (Demonspawn Gladiator)           Turns: 1439, Time: 00:03:27

Health: -2/34      AC:  7    Str: 16    XL:     4   Next: 9%
Magic:  4/4        EV: 12    Int: 10    God:
Gold:   3          SH:  0    Dex: 14    Spells: 3/3 levels left

rFire   . . .      SeeInvis .   a - +0 war axe
rCold   . . .      Faith    .   (no shield)
rNeg    . . .      Spirit   .   h - +0 ring mail
rPois   .          Reflect  .   c - +0 helmet
rElec   .          Harm     .   (no cloak)
rCorr   .          Rampage  .   j - +0 pair of gloves
Will    .....                   (no boots)
Stlth   +.........              (no amulet)
HPRegen 0.11/turn               (no ring)
MPRegen 0.09/turn               (no ring)

@: no status effects
A: hooves 1
a: no special abilities


You were on level 2 of the Dungeon.
You visited 1 branch of the dungeon, and saw 2 of its levels.

You collected 3 gold pieces.

Inventory:

Hand Weapons
 a - a +0 war axe (weapon)
 m - a +0 short sword of freezing
Missiles
 d - 3 throwing nets (quivered)
 e - a javelin
 k - 6 boomerangs
Armour
 b - a +0 leather armour
 c - a +0 helmet (worn)
 h - a +0 ring mail (worn)
 j - a +0 pair of gloves (worn)
Scrolls
 i - a scroll of immolation {unknown}
 l - a scroll of identify {unknown}
Potions
 f - a potion of lignification {unknown}
 g - a potion of cancellation {unknown}
 n - a potion of brilliance {unknown}


   Skills:
 + Level 2.5 Fighting
 + Level 3.3 Axes
 + Level 1.9 Throwing
 + Level 1.1 Armour
 + Level 3.4 Dodging


You had 3 spell levels left.
You didn't know any spells.
Your spell library was empty.

Dungeon Overview and Level Annotations

Branches:
Dungeon (2/15)

Altars:


Innate Abilities, Weirdness & Mutations

You have large cloven feet.


Message History

You kill the gnoll!
You hit the adder. Your kick misses the adder.
The adder is heavily wounded.
The adder barely misses you. The adder bites you but does no damage.
A gnoll comes into view.
It is wielding a +1 whip of electrocution.
You barely miss the adder.
The gnoll shouts!
You kick the adder.
The adder is severely wounded.
The adder misses you.
A gnoll comes into view. It is wielding a +0 flail.
The adder bites you but does no damage.
The gnoll shouts!
You hit the adder.
You kill the adder!
You hear an angry hiss.
You have reached level 4!
You feel clever.
The gnoll hits you with a +1 whip of electrocution.
Things that are here:
a +1 whip of flaming; an adder corpse You closely miss the gnoll.
The gnoll misses you. The gnoll closely misses you.
The gnoll barely misses you.
You hit the gnoll.
The gnoll is heavily wounded.
You hit the gnoll. The gnoll hits you but does no damage.
The gnoll hits you with a +0 flail.
You barely miss the gnoll. You kick the gnoll.
The gnoll is severely wounded.
You hit the gnoll. The gnoll hits you but does no damage.
You are electrocuted!
Ouch! That really hurt!
* * * LOW HITPOINT WARNING * * *
The gnoll hits you with a +0 flail.
* * * LOW HITPOINT WARNING * * *
You hit the gnoll.
You kill the gnoll!
You hit the gnoll but do no damage.
A frilled lizard comes into view.
The gnoll hits you with a +0 flail.
You die...

..................
#.................
.................
...............##
.......?.......#
...............#
.........†.....#
...............#
...........@g..#
.......#....)..#
.......####.#.##
....... #.#l#
...... #.# # ...
#.# ... ...


You could see a gnoll and a frilled lizard.

Vanquished Creatures
  2 adders (D:2)
  2 gnolls (D:2)
  3 dart slugs
  2 endoplasms (D:1)
  2 giant cockroaches (D:1)
  3 goblins (D:1)
  6 hobgoblins
  3 jackals (D:2)
  4 ball pythons (D:1)
  5 bats
  A frilled lizard (D:1)
  4 kobolds (D:1)
  5 rats
42 creatures vanquished.

Notes
Turn   | Place    | Note
-------+----------+-------------------------------------------
     0 | D:1      | gobodom the Demonspawn Gladiator began the quest for the
                  | Orb.
     0 | D:1      | Reached XP level 1. HP: 16/16 MP: 1/1
   357 | D:1      | Gained mutation: You have large cloven feet. [demonic
                  | ancestry]
   357 | D:1      | Reached XP level 2. HP: 19/22 MP: 2/2
   805 | D:1      | Reached XP level 3. HP: 22/27 MP: 3/3
  1181 | D:2      | Reached skill level 1 in Armour
  1435 | D:2      | Reached XP level 4. HP: 30/34 MP: 4/4
  1439 | D:2      | Slain by a gnoll

Illustrated notes

Levels and vault maps discovered:
D:1:      onia_arrival_pyramid, layout_loops_cross, st_stairs_11,
          dreamdust_princess_bridge, minmay_misc_feat_cross
D:2:      layout_rooms, serial_curves, eino_curves_04, eino_curves_01,
          minivault_14

Skill      XL: |  1  2  3 |
---------------+----------+-----
Axes           | 3 |  3.3
Dodging        | 3 |  3.4
Armour         | 1 |  1.1
Fighting       | |  2.5
Throwing       | |  1.9

Action                   |  1- 3 |  4- 6 || total
-------------------------+-------+-------++-------
Melee: War axe           |   101 |     4 ||   105
       Punch             |     2 |       ||     2
       Kick              |    19 |     1 ||    20
Armor: Leather armour    |    11 |       ||    11
       Ring mail         |    45 |     2 ||    47
Dodge: Dodged            |    90 |     3 ||    93

Table legend: (Time is in decaauts)
 A = Elapsed time spent in this place.
 B = Non-inter-level travel time spent in this place.
 C = Inter-level travel time spent in this place.
 D = Time resting spent in this place.
 E = Time spent auto-exploring this place.
 F = Levels seen in this place.
 G = Mean time per level.
                   A        B        C        D        E       F      G
               +--------+--------+--------+--------+--------+-----+--------+
         Total |   1474 |   1443 |     31 |      0 |   1093 |   2 |  737.0 |
       Dungeon |   1474 |   1443 |     31 |      0 |   1093 |   2 |  737.0 |
               +--------+--------+--------+--------+--------+-----+--------+

Top non-repeatable levels by time:
     D:1: 1195 daAuts
     D:2: 278 daAuts
